 Dungeon Crawl Stone Soup version 0.29.0-4-gdea44cf6ec (webtiles) character file.

Game seed: 8567131725457846441

2091 gelatine the Caregiver (level 9, -2/60 HPs)
             Began as an Octopode Transmuter on Aug 27, 2022.
             Was a Believer of Elyvilon.
             Engulfed by a steam dragon's steam (9 damage)
             ... on level 6 of the Dungeon.
             The game lasted 00:27:20 (8760 turns).

gelatine the Caregiver (Octopode Transmuter)        Turns: 8760, Time: 00:27:21

Health: -2/60      AC:  1    Str: 10      XL:     9   Next: 27%
Magic:  10/16      EV: 13    Int: 19      God:    Elyvilon [**....]
Gold:   246        SH:  5    Dex:  6 (12) Spells: 11/17 levels left

rFire   . . .      SeeInvis .   r - +2 whip (freeze)
rCold   . . .      Faith    .   (no shield)
rNeg    . . .      Spirit   .   (helmet currently unavailable)
rPois   .          Reflect  +   e - amulet of reflection
rElec   .          Harm     .   (no ring)
rCorr   .          Rampage  .   (no ring)
Will    .....                   (no ring)
Stlth   +++.......              (no ring)
HPRegen 0.20/turn               (no ring)
MPRegen 0.15/turn               (no ring)
                                (no ring)
                                (no ring)

@: appendages
A: tentacle spike 3, almost no armour, amphibious, 8 rings, camouflage 1,
gelatinous body 1, (nimble swimmer 1), tentacles
a: End Transformation, Renounce Religion, Purification, Heal Other


You were on level 6 of the Dungeon.
You worshipped Elyvilon.
Elyvilon was pleased with you.
One of your tentacles had grown a beastly spike.
You visited 2 branches of the dungeon, and saw 8 of its levels.
You also visited: Sewer.

You collected 246 gold pieces.

Inventory:

Hand Weapons
 n - a +0 whip of flaming
 r - a +2 whip of freezing (weapon)
Missiles
 f - 4 javelins
 j - 24 poisoned darts (quivered)
Magical Staves
 u - a staff of fire
Jewellery
 b - a ring of ice
 e - an amulet of reflection (around mantle)
Wands
 p - a wand of mindburst (16)
 q - a wand of acid (8)
 x - a wand of digging (8)
Scrolls
 g - 3 scrolls of enchant weapon
 h - 6 scrolls of enchant armour
 i - 2 scrolls of amnesia
 m - a scroll of fear
 t - a scroll of vulnerability
 v - 2 scrolls of silence
 w - a scroll of magic mapping
 y - a scroll of fog {unknown}
 z - a scroll of noise {unknown}
Potions
 a - a potion of lignification
 c - 2 potions of invisibility
 d - 2 potions of mutation {unknown}
 k - 2 potions of degeneration {unknown}
 l - a potion of haste {unknown}
 o - 3 potions of flight
 s - 3 potions of curing


   Skills:
 * Level 4.8 Fighting
 + Level 0.6 Short Blades
 + Level 3.1 Maces & Flails
 + Level 1.0 Throwing
 + Level 3.9 Dodging
 + Level 4.3 Stealth
 + Level 1.6 Shields
 + Level 4.5 Unarmed Combat
 + Level 4.6 Spellcasting
 + Level 4.6 Transmutations
 + Level 0.3 Poison Magic
 * Level 5.0 Invocations


You had 11 spell levels left.
You knew the following spells:

 Your Spells              Type           Power      Damage    Failure   Level
a - Beastly Appendage     Tmut           44%        N/A       1%          1
b - Wereblood             Tmut           22%        N/A       2%          2
c - Spider Form           Tmut/Pois      13%        N/A       14%         3

Your spell library contained the following spells:

 Spells                   Type           Power      Damage    Failure   Level
 Apportation              Tloc           8%         N/A       13%         1
 Necrotise                Necr           16%        1d4       13%         1
 Summon Small Mammal      Summ           16%        N/A       13%         1
 Ozocubu's Armour         Ice            4%         N/A       36%         3
 Ice Form                 Ice/Tmut       13%        N/A       43%         4
 Alistair's Intoxication  Tmut/Pois      8%         N/A       78%         5
 Ozocubu's Refrigeration  Ice            2%         4d7       100%        7


Dungeon Overview and Level Annotations

Branches:
Dungeon (7/15)             Temple (1/1) D:5           Sewer (visited)

Altars:
Ashenzari
Cheibriados
Dithmenos
Elyvilon
Fedhas
Gozag
Hepliaklqana
Makhleb
Okawaru
Qazlal
Ru
Trog
Uskayaw
Vehumet
Wu Jian
Yredelemnul
Zin
The Shining One


Innate Abilities, Weirdness & Mutations

One of your tentacles has grown a beastly spike.
You cannot wear most types of armour.
You are amphibious.
You can wear up to eight rings at the same time.
Your skin changes colour to match your surroundings (Stealth+).
Your rubbery body absorbs attacks. (AC +1, EV +1)
((You are camouflaged when in or above water. (Stealth+)))
You have tentacles for arms and can constrict up to eight enemies at once.


Message History

You pierce the steam dragon, but do no damage.
The steam dragon is lightly wounded.
The steam dragon closely misses you. The steam dragon claws you.
You hit the steam dragon but do no damage.
Your tentacle spike misses the steam dragon.
You tentacle-slap the steam dragon, but do no damage.
Your squeeze misses the steam dragon.
The steam dragon is lightly wounded.
The steam dragon bites you!
The steam dragon claws you but does no damage.
You hit the steam dragon. You freeze the steam dragon.
Your tentacle spike misses the steam dragon.
You squeeze the steam dragon.
The steam dragon is moderately wounded.
The steam dragon closely misses you. x2
You hit the steam dragon. You freeze the steam dragon.
The steam dragon is heavily wounded.
The steam dragon bites you! The steam dragon claws you.
* * * LOW HITPOINT WARNING * * *
The steam dragon attacks as you move away!
The steam dragon bites you!
* * * LOW HITPOINT WARNING * * *
You block the steam dragon's attack.
You are healed.
The steam dragon breathes steam at you. The ball of steam hits you!!
* * * LOW HITPOINT WARNING * * *
Unknown command.
You are healed.
You can no longer provide healing for yourself.
You are engulfed in a cloud of scalding steam.
* * * LOW HITPOINT WARNING * * *
The steam dragon misses you. The steam dragon claws you.
* * * LOW HITPOINT WARNING * * *
Unknown command.
Press: ? - help, Dir - move target, f - steam dragon Heal: a steam dragon (steam, heavily wounded, chance to pacify: 73%)
The light of Elyvilon fails to reach the steam dragon.
You are engulfed in a cloud of scalding steam.
You die...

####### #.)..#.
#....#.
#############.^..#.
#.@§.............'.
#D###########....#.
....(..Y...#
##....#.
###.#......#
#P.P..#. #..##..#
#.≈≈P.#. ... ..#
#P§≈..#. .... ..#
#§P...#. ##### .#
#######. ..


You could see a steam dragon and an ice beast.

Vanquished Creatures
  Pikel (D:5)
  Prince Ribbit (D:5)
  3 water moccasins
  A black bear (D:5)
  An ogre (D:3)
  A phantom (D:4)
  2 kobold brigands
  3 scorpions
  A quasit (D:6)
  3 hounds
  A gnoll bouda (D:6)
  4 iguanas
  An orc wizard (D:3)
  3 gnolls (D:6)
  2 river rats (D:4)
  7 adders
  3 shadow imps
  5 white imps
  3 ufetubi (D:6)
  5 worms
  4 dart slugs
  11 orcs
  6 ball pythons
  3 endoplasms
  3 giant cockroaches
  5 goblins
  7 hobgoblins
  16 jackals
  16 kobolds
  2 quokkas
  4 bats
  5 frilled lizards
  7 rats
140 creatures vanquished.

Vanquished Creatures (others)
  2 rats (Sewer)
  3 plants
5 creatures vanquished.

Grand Total: 145 creatures vanquished

Notes
Turn   | Place    | Note
-------+----------+-------------------------------------------
     0 | D:1      | gelatine the Octopode Transmuter began the quest for the
                  | Orb.
     0 | D:1      | Reached XP level 1. HP: 13/13 MP: 3/3
   193 | D:1      | Reached XP level 2. HP: 16/18 MP: 3/5
   378 | D:1      | Learned a level 2 spell: Wereblood
   480 | D:1      | Reached XP level 3. HP: 23/23 MP: 4/6
  1337 | D:2      | Reached XP level 4. HP: 24/28 MP: 5/7
  1864 | D:2      | Found a faded altar of an unknown god.
  1878 | D:2      | Prayed at the altar of an unknown god.
  1878 | D:2      | Became a worshipper of Elyvilon the Healer
  1878 | D:2      | Reached * piety under Elyvilon
  2343 | D:3      | HP: 1/28 [orc/+0 hand axe (4)]
  2655 | D:3      | Reached skill level 1 in Stealth
  2655 | D:3      | Reached XP level 5. HP: 33/33 MP: 5/9
  2948 | D:3      | Learned a level 3 spell: Spider Form
  3536 | D:3      | Noticed an ogre
  3543 | D:3      | Killed an ogre
  3544 | D:3      | Reached skill level 1 in Throwing
  3544 | D:3      | Reached skill level 1 in Invocations
  3703 | D:3      | Reached ** piety under Elyvilon
  3983 | D:4      | Reached XP level 6. HP: 34/38 MP: 7/10
  4300 | D:4      | Found a glowing drain.
  4323 | Sewer    | Entered a sewer
  4649 | Sewer    | Reached skill level 2 in Invocations
  4780 | Sewer    | Found a white marble altar of Elyvilon.
  5187 | D:4      | Reached XP level 7. HP: 42/45 MP: 10/12
  5219 | D:4      | You fall into a shaft and drop 3 floors!
  5222 | D:7      | Noticed a troll
  5257 | D:6      | Reached *** piety under Elyvilon
  5390 | D:5      | Entered Level 5 of the Dungeon
  5640 | D:5      | Found a staircase to the Ecumenical Temple.
  6030 | D:5      | Noticed Prince Ribbit
  6041 | D:5      | Killed Prince Ribbit
  6042 | D:5      | Reached skill level 1 in Maces & Flails
  6042 | D:5      | Reached skill level 1 in Shields
  6042 | D:5      | Reached skill level 3 in Invocations
  6051 | Temple   | Entered the Ecumenical Temple
  6051 | Temple   | Found a transporter.
  6051 | Temple   | Found a transporter.
  6095 | Temple   | Found a transporter.
  6095 | Temple   | Found a transporter.
  6140 | D:5      | Reached XP level 8. HP: 15/52 MP: 8/13
  6522 | D:5      | Found a hazy altar of Hepliaklqana.
  6942 | D:5      | Noticed Pikel
  7475 | D:5      | Killed Pikel
  7476 | D:5      | Reached skill level 4 in Invocations
  7875 | D:6      | Reached XP level 9. HP: 9/58 MP: 4/15
  8434 | D:6      | Reached skill level 5 in Invocations
  8758 | D:6      | HP: 1/60 [steam dragon/ball of steam (20)]
  8760 | D:6      | Engulfed by a steam dragon's steam

Illustrated notes

Levels and vault maps discovered:
D:1:      onia_arrival_mini_maze, layout_basic, minmay_tripent
D:2:      layout_loops_corners, shapermc_ecumenical_altar_mp_urbaneastern,
          grunt_decor_cap, minmay_tromino_v4_b
D:3:      layout_loops_corners
D:4:      layout_gridville, portal_sewer_entry_b
D:5:      layout_rooms, nicolae_hepliaklqana_hazy_memory, temple_fountains,
          uniq_pikel, uniq_prince_ribbit1
D:6:      layout_basic, gammafunk_temple_overflow_wave, serial_demonic,
          serial_demonic_g, serial_demonic_f, serial_demonic_c, serial_demonic_f
D:7:      layout_rooms, feat_on_display
Temple:   hellmonk_temple_divided_pantheon

Skill      XL: |  1  2  3  4  5  6  7  8  9 |
---------------+----------------------------+-----
Stealth        | 1 2 3 4 |  4.3
Spellcasting   | 3 4 |  4.6
Throwing       | 1 |  1.0
Invocations    | 1 2 3 4 5 |  5.0
Transmutations | 3 4 |  4.6
Unarmed Combat | 4 |  4.5
Fighting       | 2 3 4 |  4.8
Maces & Flails | 1 2 3 |  3.1
Dodging        | 3 |  3.9
Shields        | 1 |  1.6
Short Blades   | |  0.6
Poison Magic   | |  0.3

Action                   |  1- 3 |  4- 6 |  7- 9 || total
-------------------------+-------+-------+-------++-------
Melee: Unarmed           |    27 |   103 |    11 ||   141
       Constrict         |    20 |    34 |    34 ||    88
       Kick              |    14 |    41 |    48 ||   103
       Tentacles         |    12 |    20 |    24 ||    56
       Dagger            |    37 |    28 |       ||    65
       Punch             |     2 |     3 |     6 ||    11
       Whip              |       |     6 |   126 ||   132
Throw: Javelin           |    18 |     5 |     8 ||    31
       Dart              |       |       |     1 ||     1
 Cast: Beastly Appendage |    15 |    28 |    25 ||    68
       Wereblood         |     2 |    12 |    12 ||    26
       Spider Form       |       |     3 |     3 ||     6
Invok: Purification      |       |     1 |     1 ||     2
       Heal Other        |       |     2 |     2 ||     4
       Heal Self         |       |       |     7 ||     7
  Use: Potion            |     1 |       |     2 ||     3
       Scroll            |     4 |     5 |     7 ||    16
 Stab: Sleeping          |     1 |     6 |     3 ||    10
       Fleeing           |       |       |     1 ||     1
Armor: Skin              |     1 |     5 |    10 ||    16
Dodge: Dodged            |    33 |    67 |   119 ||   219
Block: Other             |    16 |    29 |    28 ||    73
       Reflection        |       |     1 |     1 ||     2
